Map: [ESL] Tropical Sacrifice

Players

BattleB

  • Race: Terran Terran
  • Spawn Location: 7:00

Krystianer - Winner!

  • Race: Protoss Protoss
  • Spawn Location: 1:00

Event: DreamHack SC2 Masters 2022 Atlanta (Online)

VOD

Have the link to the VOD?

Description

Time

  • Played on: Oct. 7, 2022, 12:55 p.m.
  • Length: 12:52

All games in this series

Show
View Real Time Build Order
Export as new Build Order

BattleB Terran 

Build Orders:  

Get SALT Encoding   

  12  0:00  SCV  
  13  0:12  SCV  
  14  0:17  Supply Depot  
  14  0:24  SCV  
  15  0:39  SCV  
  15  0:40  Barracks  
  16  0:43  Refinery  
  16  0:51  SCV  
  17  1:03  SCV  
  18  1:15  SCV  
  19  1:27  Orbital Command, Marine  
  20  1:46  Command Center  
  20  1:47  Barracks Reactor  
  20  1:55  SCV  
  20  1:58  Supply Depot  
  21  2:07  SCV  
  22  2:10  Factory  
  22  2:19  SCV  
  22  2:20  Refinery  
  23  2:23  Marine  
  23  2:24  Marine  
  25  2:31  SCV  
  26  2:41  Marine  
  26  2:42  Marine  
  26  2:43  SCV  
  29  2:54  Starport  
  29  2:55  Widow Mine  
  29  2:57  SCV  
  29  2:58  Orbital Command  
  32  3:00  Marine  
  32  3:04  Marine  
  34  3:09  SCV  
  35  3:17  Widow Mine  
  37  3:21  SCV  
  37  3:22  Marine x2  
  37  3:26  SCV  
  41  3:30  Supply Depot  
  41  3:32  Medivac  
  43  3:36  SCV  
  43  3:39  Widow Mine  
  46  3:48  Supply Depot  
  46  3:51  Marine x2  
  46  3:52  SCV x2  
  50  4:03  Factory Tech Lab, Starport Tech Lab  
  50  4:04  SCV x2  
  50  4:07  Barracks  
  50  4:09  Marine  
  53  4:11  Marine  
  53  4:16  SCV x2  
  56  4:21  Bunker  
  56  4:22  Supply Depot  
  56  4:24  Raven  
  56  4:27  Siege Tank  
  56  4:30  SCV  
  62  4:36  Supply Depot  
  62  4:43  SCV, Marine x2  
  62  4:44  SCV  
  66  4:45  Supply Depot  
  66  4:55  SCV  
  66  4:58  Barracks  
  66  4:59  SCV  
  68  5:02  Siege Tank  
  68  5:03  Marine  
  68  5:08  SCV  
  67  5:18  Viking  
  67  5:22  SCV  
  67  5:27  SCV  
  68  5:30  Marine x2  
  70  5:35  SCV  
  70  5:40  SCV  
  70  5:45  Stimpack, Marine  
  70  5:48  SCV  
  65  5:50  Marine x2  
  65  5:52  SCV  
  65  5:56  Factory Reactor  
  66  6:00  SCV  
  66  6:01  Starport Reactor  
  68  6:04  SCV  
  68  6:08  Combat Shield  
  68  6:11  Marine  
  68  6:12  SCV, Marine  
  68  6:16  Refinery  
  68  6:17  Supply Depot, SCV  
  72  6:20  Marauder x2  
  72  6:24  SCV  
  76  6:29  SCV  
  77  6:36  SCV  
  77  6:37  Supply Depot  
  77  6:39  Engineering Bay  
  78  6:41  Marine x2  
  78  6:43  SCV  
  78  6:46  Medivac  
  78  6:47  Marine x2  
  83  6:49  SCV, Medivac  
  83  6:51  Widow Mine  
  83  6:53  Widow Mine  
  92  6:58  SCV  
  92  7:01  SCV, Marine x2  
  88  7:06  Marauder x2  
  92  7:10  SCV, Refinery  
  92  7:14  Supply Depot, Terran Infantry Weapons Level 1  
  93  7:17  Widow Mine  
  93  7:19  Widow Mine  
  97  7:30  SCV x2  
  97  7:36  Supply Depot  
  103  7:37  Marauder x2  
  103  7:38  Medivac  
  103  7:39  Widow Mine  
  103  7:40  Marine x2  
  109  7:52  Supply Depot  
  109  7:55  Supply Depot  
  109  7:58  Medivac, Widow Mine  
  113  8:01  Marine x2  
  113  8:03  Marauder  
  117  8:08  Marauder  
  116  8:17  Medivac  
  116  8:19  Marine  
  118  8:22  Marine  
  118  8:24  Marine  
  117  8:30  SCV x2  
  117  8:31  Marine  
  113  8:40  Marine  
  108  8:42  Marine  
  108  8:46  SCV  
  108  8:47  SCV  
  107  8:49  Command Center  
  107  8:50  Marauder x2  
  109  8:57  Marine  
  109  9:01  Medivac  
  109  9:02  Widow Mine  
  109  9:04  Marine  
  105  9:10  Marine  
  105  9:11  Marine  
  105  9:15  Marine  
  66  9:25  SCV  
  66  9:29  Marauder  
  66  9:30  Marine  
  70  9:35  Marauder  
  72  9:41  SCV  
  72  9:42  SCV  
  72  9:45  Marine  
  75  9:50  Marine x2  
  77  9:53  SCV  
  77  9:55  SCV  
  77  9:59  Marauder  
  81  10:05  Ghost Academy  
  81  10:08  SCV  
  81  10:09  SCV  
  81  10:13  Terran Infantry Armor Level 1  
  83  10:18  Orbital Command  
  83  10:21  SCV x2  
  83  10:27  Viking x2  
  89  10:32  Marine x3  
  89  10:33  SCV x2  
  94  10:36  Marauder  
  96  10:48  Concussive Shells  
  96  10:50  SCV, Ghost  
  96  10:51  SCV  
  96  10:53  Marine x2  
  96  10:56  SCV  
  103  10:59  Marauder  
  103  11:03  SCV  
  106  11:14  Widow Mine, Marine  
  106  11:15  Widow Mine, Marine  
  106  11:17  SCV x3  
  115  11:19  Barracks  
  115  11:20  Medivac  
  115  11:21  Barracks  
  115  11:24  Marauder x2  
  121  11:30  Barracks  
  121  11:32  Marine  
  119  11:34  Barracks  
  119  11:35  Marine  
  117  11:43  Widow Mine x2  
  117  11:44  Marine  
  109  11:51  SCV, Marine  
  109  11:52  Marauder  
  94  11:54  Marine  
  73  12:03  SCV x2, Marauder  
  73  12:09  Marine  
  73  12:10  SCV  
  73  12:15  SCV x2  
  77  12:17  Marine  
  77  12:20  Marine  
  79  12:25  Marine  
  79  12:27  Marine  
Show
View Real Time Build Order
Export as new Build Order

Krystianer Protoss - Winner!

Build Orders: 1 Gate Expand, Colossus Rush 

Get SALT Encoding   

  12  0:00  Probe  
  13  0:12  Probe  
  14  0:19  Pylon  
  14  0:24  Probe  
  15  0:37  Probe (Chrono Boost), Gateway  
  16  0:45  Probe (Chrono Boost)  
  16  0:46  Assimilator  
  17  0:51  Probe  
  18  1:03  Probe  
  19  1:15  Probe  
  20  1:24  Nexus  
  20  1:35  Cybernetics Core  
  20  1:38  Probe  
  21  1:43  Assimilator  
  21  1:50  Probe  
  22  1:54  Pylon  
  22  2:02  Probe  
  23  2:09  Adept (Chrono Boost)  
  23  2:15  Probe  
  26  2:19  Robotics Facility  
  26  2:27  Probe (Chrono Boost)  
  27  2:32  Stalker  
  27  2:34  Warp Gate  
  27  2:37  Probe (Chrono Boost)  
  30  2:42  Probe (Chrono Boost)  
  31  2:46  Probe (Chrono Boost)  
  31  2:48  Probe (Chrono Boost)  
  31  2:51  Probe (Chrono Boost)  
  33  2:56  Probe  
  35  3:03  Probe  
  36  3:08  Robotics Bay, Probe  
  37  3:14  Warp Prism  
  39  3:22  Probe  
  39  3:26  Stalker  
  42  3:28  Probe  
  42  3:33  Pylon  
  43  3:35  Probe  
  44  3:43  Gateway  
  45  3:49  Pylon  
  45  3:51  Colossus (Chrono Boost)  
  45  3:53  Probe  
  51  3:58  Gravitic Drive  
  51  4:00  Probe  
  51  4:01  Assimilator  
  52  4:09  Probe  
  53  4:10  Gateway  
  53  4:14  Probe  
  54  4:19  Assimilator  
  54  4:21  Probe, Pylon  
  55  4:26  Probe  
  55  4:28  Colossus (Chrono Boost)  
  62  4:39  Probe x2  
  62  4:42  Pylon  
  64  4:49  Stalker  
  64  4:51  Probe  
  62  4:53  Probe  
  63  5:03  Probe  
  63  5:05  Probe  
  65  5:15  Probe  
  65  5:18  Probe  
  67  5:23  Nexus  
  67  5:27  Probe  
  68  5:33  Twilight Council  
  68  5:35  Forge  
  69  5:36  Stalker, Pylon  
  69  5:41  Stalker  
  69  5:42  Probe x2  
  74  5:54  Probe x2  
  76  5:59  Gateway  
  76  6:00  Gateway  
  76  6:01  Charge  
  76  6:02  Stalker  
  76  6:03  Protoss Ground Weapons Level 1 (Chrono Boost)  
  78  6:05  Stalker  
  80  6:13  Probe  
  80  6:15  Probe  
  82  6:20  Pylon  
  82  6:25  Probe  
  83  6:27  Probe  
  84  6:35  Templar Archives  
  84  6:37  Probe, Gateway  
  84  6:38  Gateway  
  85  6:45  Gateway  
  85  6:46  Probe  
  86  6:47  Probe  
  86  6:48  Shield Battery  
  87  6:54  Zealot x2  
  91  7:02  Zealot x2  
  91  7:05  Psionic Storm  
  91  7:06  Probe  
  94  7:11  Photon Cannon  
  94  7:13  Shield Battery  
  94  7:18  High Templar x2  
  94  7:20  Probe, High Templar  
  94  7:22  Probe  
  102  7:25  Probe  
  102  7:28  Photon Cannon  
  103  7:36  High Templar  
  105  7:38  Zealot, Pylon  
  105  7:40  Pylon  
  105  7:44  Zealot  
  109  7:46  Pylon  
  109  7:48  Pylon  
  109  7:55  Pylon  
  115  8:02  Assimilator  
  115  8:04  Zealot x3, Assimilator  
  115  8:05  Zealot  
  121  8:08  Stalker  
  121  8:12  Zealot  
  124  8:13  Probe  
  124  8:16  Zealot x2  
  121  8:21  Probe  
  121  8:26  Stalker x2  
  119  8:28  Probe x2  
  119  8:33  Probe  
  118  8:40  Probe  
  118  8:43  Zealot x5  
  118  8:45  Probe  
  118  8:47  Probe  
  127  8:49  Robotics Facility  
  127  8:50  Zealot  
  127  8:52  Probe  
  127  8:53  Zealot  
  132  8:57  Probe  
  132  8:59  Probe  
  134  9:04  Probe  
  134  9:06  Zealot x3  
  134  9:09  Probe  
  139  9:11  Probe  
  139  9:16  Probe  
  132  9:21  Probe, Protoss Ground Armor Level 1  
  132  9:22  Archon x2  
  108  9:25  Zealot x3  
  108  9:26  Zealot x2  
  108  9:29  Blink (Chrono Boost)  
  108  9:30  Probe, Pylon  
  108  9:45  High Templar  
  108  9:46  Zealot x4, High Templar  
  120  10:00  Photon Cannon  
  120  10:02  Shield Battery, Zealot x2  
  120  10:03  Pylon  
  124  10:07  Colossus (Chrono Boost)  
  130  10:21  Zealot x5  
  140  10:23  Pylon  
  138  10:40  Nexus  
  138  10:41  Pylon  
  138  10:42  High Templar x2  
  142  10:44  High Templar  
  142  10:45  Probe  
  142  10:46  Probe  
  144  10:51  Probe  
  145  10:57  Probe  
  145  11:01  Zealot x5  
  156  11:05  Probe, Pylon  
  156  11:08  Probe  
  156  11:09  Probe  
  157  11:17  Probe  
  158  11:20  Probe  
  158  11:22  Probe  
  158  11:24  Zealot x5  
  170  11:29  Disruptor (Chrono Boost)  
  171  11:35  Probe  
  171  11:36  Robotics Facility  
  171  11:38  Probe  
  167  11:40  Probe  
  164  11:47  Probe  
  164  11:50  Probe  
  164  11:53  Probe  
  147  11:54  Archon  
  147  11:55  Archon, Colossus (Chrono Boost)  
  147  12:00  Probe  
  130  12:01  High Templar x2  
  130  12:02  Probe, High Templar x3  
  130  12:05  Probe  
  128  12:12  Probe  
  126  12:16  Assimilator  
  126  12:17  Assimilator  
  126  12:19  Stalker x3  
  133  12:24  Probe  
  132  12:31  Archon  
  132  12:36  Stalker x3  
  144  12:38  Shield Battery  
  142  12:45  Stalker x3  
Tags
 
Add a new tag
Caveats
  • Supply blocks, unpowered buildings, or Contaminate may cause inaccurate times.
  • Supply counts are checked every 10 seconds.